Map: Redshift LE

Players

Nerchio - Winner!

  • Race: Zerg Zerg
  • Spawn Location: 7:00

HellraiseR

  • Race: Protoss Protoss
  • Spawn Location: 11:00

Event: WCS Valencia 2018

VOD

Have the link to the VOD?

Description

Time

  • Played on: July 12, 2018, 10:37 a.m.
  • Length: 6:49

All games in this series

Show
View Real Time Build Order
Export as new Build Order

Nerchio Zerg - Winner!

Build Orders: Hatch First 

Get SALT Encoding   

  12  0:00  Drone  
  13  0:12  Overlord  
  13  0:16  Drone  
  14  0:31  Drone x2  
  16  0:49  Hatchery  
  15  0:51  Drone  
  15  0:55  Drone  
  17  0:58  Drone  
  18  1:09  Extractor  
  17  1:14  Spawning Pool  
  17  1:17  Drone  
  17  1:20  Drone  
  18  1:28  Drone  
  19  1:38  Overlord  
  19  1:50  Drone  
  20  2:00  Queen  
  20  2:01  Zergling x2, Queen  
  24  2:02  Zergling x2  
  26  2:10  Metabolic Boost  
  26  2:11  Drone  
  26  2:15  Drone  
  28  2:22  Drone x2  
  30  2:40  Drone x2  
  32  2:44  Hatchery  
  32  2:48  Drone x2  
  33  2:53  Overlord  
  33  2:57  Queen  
  35  2:59  Drone  
  36  3:12  Drone x6  
  42  3:14  Drone  
  42  3:16  Drone  
  42  3:19  Overlord  
  44  3:24  Extractor, Drone  
  44  3:30  Roach Warren  
  44  3:31  Drone  
  44  3:36  Overlord  
  44  3:40  Queen  
  46  3:43  Drone x2  
  46  3:44  Drone  
  46  3:47  Overlord  
  49  3:52  Drone x2  
  51  4:01  Extractor  
  50  4:10  Roach x4  
  50  4:11  Roach  
  50  4:13  Roach  
  50  4:16  Roach  
  64  4:19  Roach  
  64  4:21  Overlord  
  64  4:22  Roach  
  68  4:26  Queen  
  68  4:30  Roach  
  68  4:31  Roach  
  74  4:40  Zergling x2  
  74  4:41  Zergling x10  
  74  4:43  Ravager x2  
  82  4:51  Overlord  
  81  4:56  Ravager  
  81  5:02  Overlord  
  81  5:03  Zergling x2  
  81  5:04  Overlord x3  
  82  5:08  Overlord  
  82  5:11  Zergling x6  
  84  5:15  Ravager x2  
  84  5:17  Zergling x6  
  84  5:18  Zergling x2  
  84  5:20  Zergling x2  
  87  5:24  Zergling x2, Roach  
  87  5:25  Ravager  
  87  5:27  Ravager  
  94  5:28  Roach  
  94  5:33  Roach  
  94  5:34  Roach  
  98  5:36  Roach  
  98  5:40  Roach  
  98  5:42  Roach  
  100  5:44  Roach  
  100  5:47  Roach  
  100  5:51  Roach  
  100  5:52  Roach  
  100  5:55  Roach  
  97  5:59  Roach  
  97  6:01  Zergling x2  
  97  6:02  Queen  
  100  6:05  Zergling x2  
  100  6:10  Roach x2  
  95  6:17  Roach  
  97  6:21  Zergling x4  
  97  6:24  Ravager  
  100  6:26  Zergling x2  
  100  6:31  Zergling x2  
  100  6:42  Ravager  
  100  6:43  Ravager  
Show
View Real Time Build Order
Export as new Build Order

HellraiseR Protoss 

Build Orders: 1 Gate Expand 

Get SALT Encoding   

  12  0:00  Probe  
  13  0:12  Probe  
  14  0:17  Pylon  
  14  0:22  Probe  
  15  0:31  Probe  
  15  0:37  Gateway  
  15  0:41  Probe  
  16  0:46  Assimilator  
  17  0:53  Probe  
  18  1:05  Probe  
  19  1:20  Nexus  
  19  1:23  Probe  
  20  1:35  Cybernetics Core, Probe  
  21  1:41  Assimilator  
  21  1:47  Probe  
  21  1:49  Pylon  
  22  1:59  Probe  
  23  2:01  Stalker  
  23  2:07  Probe  
  23  2:15  Probe  
  26  2:17  Warp Gate  
  27  2:26  Probe  
  27  2:28  Robotics Facility  
  28  2:32  Probe  
  29  2:38  Probe  
  29  2:44  Probe  
  31  2:46  Sentry  
  31  2:50  Probe  
  34  2:56  Probe  
  35  3:02  Probe  
  35  3:05  Immortal  
  36  3:08  Gateway  
  36  3:09  Gateway  
  36  3:10  Gateway  
  40  3:23  Gateway  
  40  3:27  Gateway  
  40  3:32  Gateway  
  40  3:35  Warp Prism  
  40  3:39  Sentry  
  42  3:44  Pylon  
  42  3:48  Pylon  
  44  3:57  Pylon  
  44  4:06  Pylon  
  44  4:19  Adept  
  44  4:21  Stalker x4  
  54  4:35  Sentry, Stalker  
  58  4:44  Adept x2  
  58  4:45  Zealot x3  
  68  5:03  Stalker  
  68  5:04  Stalker  
  68  5:05  Zealot x3  
  78  5:08  Pylon  
  78  5:10  Pylon  
  78  5:26  Stalker x2  
  78  5:27  Adept  
  84  5:28  Zealot x4  
  90  5:49  Stalker x2  
  94  5:54  Stalker  
  94  5:55  Zealot x4  
  74  6:12  Stalker  
  74  6:13  Stalker  
  74  6:14  Zealot x3  
  82  6:22  Stalker  
  82  6:23  Zealot  
  72  6:40  Stalker  
  72  6:41  Stalker  
  72  6:42  Zealot x3  
  72  6:43  Zealot  
Tags
 
Add a new tag
Caveats
  • Supply blocks, unpowered buildings, or Contaminate may cause inaccurate times.
  • Supply counts are checked every 10 seconds.